 Dungeon Crawl Stone Soup version 0.31-a0-851-g7ff8af7976 (webtiles) character file.

Game seed: 18071577623459748260

438 Gargoyl the Chopper (level 7, -4/66 HPs)
             Began as a Gargoyle Berserker on Oct 7, 2023.
             Was a Follower of Trog.
             Slain by an orc warrior
             ... wielding a +0 war axe
              (9 damage)
             ... in a bailey.
             The game lasted 00:04:39 (2462 turns).

Gargoyl the Chopper (Gargoyle Berserker)            Turns: 2462, Time: 00:04:39

Health: -4/66      AC: 11    Str: 20    XL:     7   Next: 1%
Magic:  7/7        EV: 11    Int:  8    God:    Trog [*.....]
Gold:   173        SH:  0    Dex: 11    Spells: 6/6 levels left

rFire   . . .        a - +0 hand axe
rCold   . . .        (no shield)
rNeg    + . .        h - +1 ring mail
rPois   ∞            (no helmet)
rElec   +            (no cloak)
rCorr   .            (no gloves)
SInv    .            (no boots)
Will    .....        (no amulet) Stlth
                     c - ring of flight
HPRegen 0.31/turn    b - +4 ring of slaying
MPRegen 0.10/turn

%: no passive effects
@: berserking (expiring), flying, very quick
A: sickness immunity, AC +4, negative energy resistance 1, electricity
resistance, torment resistance 1, petrification resistance
a: Renounce Religion, Berserk


You were in a bailey.
You worshipped Trog.
Trog was aware of your devotion.
You visited 1 branch of the dungeon, and saw 5 of its levels.
You also visited: Bailey.

You collected 173 gold pieces.

Inventory:

Hand Weapons
 a - a +0 hand axe (weapon)
 e - a +0 hand axe
Armour
 h - a +1 ring mail (worn)
Jewellery
 b - a +4 ring of slaying (right hand)
 c - a ring of flight (left hand)
Scrolls
 f - 3 scrolls of enchant armour
Potions
 d - a potion of curing {unknown}


   Skills:
 + Level 4.7 Fighting
 + Level 5.2 Axes
 + Level 3.4 Armour
 + Level 2.6 Dodging
 + Level 1.3 Stealth


You had 6 spell levels left.
You didn't know any spells.
Your spell library was empty.

Dungeon Overview and Level Annotations

Branches:
Dungeon (8/15)             Bailey (1/1)
 Temple: D:4-7         Lair: D:8-11

Altars:
Trog

Shops:
D:2 [

Annotations:
D:6 Duvessa


Innate Abilities, Weirdness & Mutations

You are immune to sickness and miasma.
Your stone body is resilient. (AC +4)
You are immune to poison.
You resist negative energy. (rN+)
You are resistant to electric shocks. (rElec)
You are resistant to unholy torment.
You are immune to petrification.


Message History

You closely miss the orc warrior. You hit the orc.
You kill the orc!
Trog accepts your kill.
You hit the orc warrior but do no damage.
The orc warrior hits you with a +0 war axe.
Unknown command.
You closely miss the orc warrior.
The orc warrior hits you with a +0 war axe!
You hit the orc warrior but do no damage.
Unknown command.
You hit the orc warrior.
The orc warrior is moderately wounded.
The orc warrior hits you with a +0 war axe.
* * * LOW HITPOINT WARNING * * *
You hit the orc warrior.
The orc warrior is moderately wounded.
The orc warrior hits you with a +0 war axe!
* * * LOW HITPOINT WARNING * * *
You closely miss the orc warrior.
The orc warrior is moderately wounded.
You hit the orc warrior.
The orc warrior is heavily wounded.
The orc warrior barely misses you.
You barely miss the orc warrior.
The orc warrior is heavily wounded.
The orc warrior hits you with a +0 war axe.
* * * LOW HITPOINT WARNING * * *
You closely miss the orc warrior.
The orc warrior is heavily wounded.
You hit the orc warrior but do no damage.
The orc warrior is heavily wounded.
The orc warrior hits you with a +0 war axe!
* * * LOW HITPOINT WARNING * * *
You slash the orc warrior!
The orc warrior is almost dead.
The orc warrior hits you but does no damage.
You closely miss the orc warrior.
The orc warrior is almost dead.
The orc warrior hits you with a +0 war axe!
You die...

♣.# ... ♣♣..###'#
♣...~~~.# ♣♣...~~~.#
♣∩...~~~.# ♣...~~~.#
♣...~~(.# ...8.
♣♣..###)# ........~ ♣
##.o@# !8o..8?=~
##...(## ~#####~~ #.
##......####...####..
#....................
#..8..8.............8
#........)(.........
##.......(..........
##...8..(##'''##..
##.....##.....##


You could see an orc warrior.

Vanquished Creatures
  An orc warrior (Bailey)
  A sky beast (D:6)
  3 howler monkeys (D:8)
  An orc wizard (D:6)
  A gnoll (Bailey)
  An adder (D:6)
  2 worms (D:2)
  2 dart slugs (D:2)
  7 orcs
  6 ball pythons
  6 endoplasms
  A giant cockroach (D:2)
  10 goblins
  2 hobgoblins
  3 jackals (D:1)
  4 quokkas
  9 bats
  2 frilled lizards (D:2)
  15 kobolds
  2 rats
79 creatures vanquished.

Notes
Turn   | Place    | Note
-------+----------+-------------------------------------------
     0 | D:1      | Gargoyl the Gargoyle Berserker began the quest for the Orb.
     0 | D:1      | Reached XP level 1. HP: 14/14 MP: 1/1
   157 | D:1      | Found a faded altar of an unknown god.
   227 | D:1      | Reached XP level 2. HP: 19/19 MP: 2/2
   341 | D:1      | Reached skill level 3 in Axes
   703 | D:1      | Reached XP level 3. HP: 8/24 MP: 3/3
  1242 | D:2      | Found Eschocio's Antique Armour Shop.
  1620 | D:2      | Reached ** piety under Trog
  1668 | D:2      | Reached XP level 4. HP: 27/29 MP: 4/4
  2019 | D:3      | You are sucked into a shaft and drop 3 floors!
  2096 | D:6      | Reached skill level 4 in Axes
  2103 | D:6      | Noticed a sky beast
  2145 | D:6      | Killed a sky beast
  2146 | D:6      | Reached skill level 1 in Stealth
  2146 | D:6      | Reached XP level 5. HP: 19/34 MP: 5/5
  2169 | D:6      | Noticed an orc warrior
  2218 | D:6      | Noticed Duvessa
  2219 | D:6      | Found a bloodstained altar of Trog.
  2220 | D:6      | You are sucked into a shaft and drop 2 floors!
  2293 | D:8      | Reached XP level 6. HP: 37/39 MP: 6/6
  2320 | D:8      | Found a flagged portal.
  2327 | Bailey   | Entered a bailey
  2382 | Bailey   | Noticed an orc warlord
  2397 | Bailey   | Noticed an orc warrior
  2409 | Bailey   | Killed an orc warrior
  2410 | Bailey   | Reached skill level 5 in Axes
  2420 | Bailey   | Reached XP level 7. HP: 17/44 MP: 7/7
  2462 | Bailey   | Slain by an orc warrior

Illustrated notes

Levels and vault maps discovered:
D:1:      saegor_arrival_simple_a, layout_loops_ring,
          ebering_ecumenical_altar_hall, serial_co_window_serial,
          co_window_paths_b, co_window_of_opportunity_a, co_window_paths_b,
          co_window_paths_a, co_window_paths_b, co_window_2corner,
          co_window_corner_b, co_window_corner_ca, co_window_of_opportunity_b,
          co_window_unsneaky_path_c, co_window_sun, co_window_4corner_a
D:2:      layout_basic, serial_shops, shop
D:3:      layout_loops_ring, serial_shops, shop, nicolae_houndstooth_variations,
          uniq_natasha
D:6:      layout_loops_cross, nzn_overflow_gifts_of_might_and_magic,
          minmay_a_box_with_orc_wizards_in_it
D:8:      layout_gridville, grunt_temple_overflow_order_and_chaos_2,
          enter_bailey_3
Bailey:   bailey_axe_bossmonster_kennysheep, bailey

Skill      XL: |  1  2  3  4  5  6 |
---------------+-------------------+-----
Axes           | 3 4 5 |  5.2
Fighting       | 4 |  4.7
Dodging        | 2 |  2.6
Stealth        | 1 |  1.3
Armour         | 3 |  3.4

Action                     |  1- 3 |  4- 6 |  7- 9 || total
---------------------------+-------+-------+-------++-------
  Melee: Hand axe          |   121 |   129 |    29 ||   279
 Invoke: Berserk           |     3 |     5 |     1 ||     9
         Trog's Hand       |       |     4 |     1 ||     5
    Use: Potion            |       |     3 |       ||     3
         Scroll            |       |     2 |       ||     2
   Stab: Sleeping          |     1 |       |       ||     1
 Armour: Animal skin       |    86 |    10 |       ||    96
         Ring mail         |       |   105 |    22 ||   127
  Dodge: Dodged            |    84 |    70 |    16 ||   170

Table legend: (Time is in decaauts)
 A = Elapsed time spent in this place.
 B = Non-inter-level travel time spent in this place.
 C = Inter-level travel time spent in this place.
 D = Time resting spent in this place.
 E = Time spent auto-exploring this place.
 F = Levels seen in this place.
 G = Mean time per level.
                   A        B        C        D        E       F      G
               +--------+--------+--------+--------+--------+-----+--------+
         Total |   2554 |   2499 |     55 |    129 |   1640 |   6 |  425.7 |
       Dungeon |   2416 |   2361 |     55 |     77 |   1637 |   5 |  483.2 |
        Bailey |    138 |    138 |      0 |     52 |      3 |   1 |  138.0 |
               +--------+--------+--------+--------+--------+-----+--------+

Top non-repeatable levels by time:
     D:1: 1255 daAuts
     D:2: 710 daAuts
     D:6: 223 daAuts
  Bailey: 138 daAuts
     D:8: 116 daAuts
     D:3: 110 daAuts
